 Dungeon Crawl Stone Soup version 0.25-a0-110-ge29c8f2358 (webtiles) character file.

Game seed: 12586981523349528198, levelgen mode: deterministic

18899 lukutis69 the Cleaver (level 12, -1/115 HPs)
             Began as a Minotaur Fighter on Nov 19, 2019.
             Was an Elder of Okawaru.
             Slain by a spiny frog (10 damage)
             ... on level 3 of the Lair of Beasts.
             The game lasted 00:56:37 (14468 turns).

lukutis69 the Cleaver (Minotaur Fighter)           Turns: 14468, Time: 00:56:38

Health: -1/115     AC: 34    Str: 25    XL:     12   Next: 31%
Magic:  15/15      EV:  8    Int:  5    God:    Okawaru [****..]
Gold:   589        SH: 14    Dex: 18    Spells: 11/11 levels left

rFire    + . .     SeeInvis +   a - +2 war axe
rCold    . . .     Gourm    .   c - +0 shield
rNeg     . . .     Faith    +   S - +11 chain mail of Somewhere Else {rPois Dex+3}
rPois    +         Spirit   .   (helmet unavailable)
rElec    .         Reflect  .   X - +0 cloak "Zefeylir" {rF+ SInv}
rCorr    .         Harm     .   q - +0 pair of gloves
MR       .....                  (no boots)
Stlth    ..........             h - amulet of faith
HPRegen  0.29/turn              p - +5 ring of protection
MPRegen  0.14/turn              W - +4 ring of dexterity

@: no status effects
A: retaliatory headbutt, horns 3, rugged brown scales 1, yellow scales 1, wild
magic 1
a: Heroism, Renounce Religion


You were on level 3 of the Lair of Beasts.
You worshipped Okawaru.
Okawaru was greatly pleased with you.
You were hungry.

You visited 2 branches of the dungeon, and saw 13 of its levels.
You visited the Abyss 1 time.

You collected 1044 gold pieces.
You spent 455 gold pieces at shops.

Inventory:

Hand Weapons
 a - a +2 war axe (weapon)
 b - a +1 dagger of speed
 n - a +0 quarterstaff of freezing
 E - a +2 quarterstaff of holy wrath
 I - a +0 halberd of venom
 P - a +1 dagger of distortion
 Q - a +3 quarterstaff
 T - a +0 quarterstaff of speed
Missiles
 J - 5 throwing nets (quivered)
Armour
 c - a +0 shield (worn)
 q - a +0 pair of gloves (worn)
 R - a scarf of resistance
 S - the +11 chain mail of Somewhere Else (worn) {rPois Dex+3}
   (You bought it in a shop on level 9 of the Dungeon)

   It affects your dexterity (+3).
   It protects you from poison.
 U - a scarf of resistance
 X - the +0 cloak "Zefeylir" (worn) {rF+ SInv}
   (You found it on level 10 of the Dungeon)

   It protects you from fire.
   It lets you see invisible.
Jewellery
 h - an amulet of faith (around neck)
 j - an uncursed ring of wizardry
 l - an uncursed ring of protection from magic
 p - a +5 ring of protection (left hand)
 w - an uncursed ring of protection from cold
 B - an uncursed ring of ice
 F - an uncursed ring of magical power
 M - an uncursed amulet of magic regeneration
 W - a +4 ring of dexterity (right hand)
Wands
 k - a wand of flame (9)
 s - a wand of clouds (6)
 t - a wand of digging (7)
 O - a wand of random effects (23)
 V - a wand of scattershot (5)
 Z - a wand of polymorph (10)
Scrolls
 e - 3 scrolls of magic mapping
 r - 2 scrolls of fear
 v - 3 scrolls of remove curse
 x - 2 scrolls of blinking
 y - 3 scrolls of teleportation
 D - 5 scrolls of fog
 G - a scroll of amnesia
 L - 2 scrolls of enchant weapon
Potions
 d - 3 potions of might
 g - 6 potions of lignification
 i - 3 potions of haste
 m - a potion of brilliance
 o - 3 potions of curing
 u - 3 potions of magic
 z - 5 potions of heal wounds
 A - 3 potions of cancellation
 C - 2 potions of ambrosia
 H - 2 potions of flight
 K - 2 potions of berserk rage
 N - a potion of invisibility
Comestibles
 f - 30 rations


   Skills:
 + Level 11.9 Fighting
 * Level 12.4 Axes
 + Level 12.0 Armour
 + Level 11.9 Shields
 * Level 5.5 Invocations


You had 11 spell levels left.
You didn't know any spells.
Your spell library contained the following spells:

 Spells                   Type           Power        Failure   Level  Hunger
 Animate Skeleton         Necr           N/A          99%         1    ##.....
 Pain                     Necr           #...         99%         1    ##.....
 Summon Small Mammal      Summ           #...         99%         1    ##.....
 Call Imp                 Summ           #.......     100%        2    ###....
 Call Canine Familiar     Summ           #.......     100%        3    ####...
 Regeneration             Chrm/Necr      #.........   100%        3    ####...
 Summon Guardian Golem    Hex/Summ       #.......     100%        3    ####...
 Vampiric Draining        Necr           #.........   100%        3    ####...
 Animate Dead             Necr           N/A          100%        4    #####..
 Cause Fear               Hex            #.........   100%        4    #####..
 Summon Ice Beast         Ice/Summ       #.......     100%        4    #####..
 Summon Lightning Spire   Summ/Air       #.......     100%        4    #####..
 Bolt of Magma            Conj/Fire/Erth #.........   100%        5    ######.
 Irradiate                Conj/Tmut      #.........   100%        5    ######.
 Iskenderun's Battlesphe  Conj/Chrm      #.......     100%        5    ######.
 Silence                  Hex/Air        #.........   100%        5    ######.
 Venom Bolt               Conj/Pois      #.........   100%        5    ######.
 Yara's Violent Unravell  Hex/Tmut       #.........   100%        5    ######.
 Deflect Missiles         Chrm/Air       #.........   100%        6    #######
 Hydra Form               Tmut           #.........   100%        6    #######
 Iron Shot                Conj/Erth      #.........   100%        6    #######
 Statue Form              Tmut/Erth      #........    100%        6    #######
 Dragon Form              Tmut           #.........   100%        7    #######
 Orb of Destruction       Conj           #.........   100%        7    #######
 Spellforged Servitor     Conj/Summ      #.........   100%        7    #######
 Discord                  Hex            #.........   100%        8    #######


Dungeon Overview and Level Annotations

Branches:
Dungeon (10/15)            Temple (0/1) D:4            Lair (3/6) D:10
 Shoals (0/4) Lair:3        Snake (0/4) Lair:2          Orc (0/2) D:10

Altars:
Ashenzari
Elyvilon
Fedhas
Gozag
Hepliaklqana
Okawaru
Ru
Uskayaw
Vehumet
Yredelemnul

Shops:
D:7 ?   D:8 %   D:9 ?([(

Annotations:
Lair:3 1 transporter, Kiuzuanix's ghost, journeyman NaFE


Innate Abilities, Weirdness & Mutations

You reflexively headbutt those who attack you in melee.
You have a pair of large horns on your head.
You are partially covered in rugged brown scales. (AC +1, +3% HP)
You are partially covered in yellow scales. (AC +2)
Your spells are a little harder to cast, but a little more powerful.


Message History

You headbutt the death yak!
The moth of wrath goads the death yak on!
The death yak goes berserk!
The spiny frog stings you but does no damage.
You barely miss the death yak.
You hit the spiny frog but do no damage.
You hit the moth of wrath but do no damage.
The death yak barely misses you. The spiny frog closely misses you.
You furiously retaliate!
You headbutt the spiny frog, but do no damage.
You block the moth of wrath's attack. You block the death yak's attack.
You slice the death yak!!
You headbutt the death yak, but do no damage.
Your chain mail of Somewhere Else prevents you from hitting the spiny frog.
You barely miss the moth of wrath. The spiny frog stings you!
* * * LOW HITPOINT WARNING * * *
You block the death yak's attack.
The moth of wrath bites you but does no damage.
The spiny frog stings you!
You die...

#..# ##..P.P........#.#.
#..######...###..#....####
#.###..)...#.P.##..)..####
##..##..###............#...
#......##.#####............ #####
##.....#...©..##...#.......
....###...#.##..#....##.##...#...
....##......#.#F..#...#..#..#....
....#.......# .#@##..##..........
............##l#Yy.#.#©.....#....
.............#?#WS...##.....##...
...<...##...©#?=.©#...#.....# ...
....######...#$.#...#.#.#...# ...
..#.# #..##.....#.##....## ###
#..## ##.#..#.#...#.....### #
#### #)#..#.#...#.....#.####
#.##...S...#.......#.##


You could see a death yak (berserk), a moth of wrath, a spiny frog (berserk), a
water moccasin and Kiuzuanix's ghost.

Vanquished Creatures
  A tentacled starspawn (Abyss:2)
  Fannar (Lair:2)
  Harold (D:7)
  A two-headed ogre (D:9)
  The ghost of angryZebra the Slasher, a novice DrTm of Kikubaaqudgha (D:5)
  Pikel (D:5)
  2 oklob plants (Lair:2)
  A worldbinder (Abyss:2)
  Joseph (D:8)
  A moth of wrath (Lair:3)
  Psyche (D:9)
  5 spiny frogs
  A torpor snail (Lair:3)
  2 rime drakes
  2 komodo dragons
  2 trolls (D:10)
  A hornet (D:10)
  3 blink frogs (Lair:1)
  A small abomination (Abyss:2)
  5 hippogriffs
  A wraith (Abyss:2)
  5 yaks (Lair:3)
  A ynoxinul (Abyss:2)
  A wyvern (D:9)
  2 basilisks
  A neqoxec (Abyss:2)
  Menkaure (D:7)
  2 water moccasins (Lair:3)
  Duvessa (D:6)
  An ice beast (D:10)
  A hornet zombie (D:9)
  4 porcupines
  3 sky beasts
  3 orc warriors
  2 black bears
  7 ogres
  9 centaurs
  3 crocodiles
  Blork the orc (D:6)
  4 bullfrogs
  Dowan (D:6)
  A water moccasin zombie (D:7)
  5 scorpions
  6 killer bees (D:8)
  An electric eel (Lair:3)
  A howler monkey (D:4)
  3 crimson imps
  5 centaur zombies
  3 hounds
  4 orc priests
  A bullfrog skeleton (D:9)
  An iron imp (Abyss:2)
  4 jellies
  4 orc wizards
  2 iguanas
  4 worker ants
  A hound zombie (D:6)
  A worker ant zombie (D:5)
  14 adders
  4 shadow imps
  An ooze (D:3)
  2 adder skeletons
  2 worms
  2 dart slugs
  2 leopard geckos
  23 orcs
  2 ball pythons
  9 bats
  2 giant cockroaches
  9 goblins
  11 hobgoblins
  7 jackals
  3 quokkas
  4 frilled lizards (D:2)
  A kobold (D:2)
  A quokka skeleton (D:5)
  11 rats
  7 fungi
  9 plants
261 creatures vanquished.

Vanquished Creatures (others)
  A slave (D:5)
  An adder skeleton (D:5)
  5 fungi (D:10)
  3 plants
  5 starspawn tentacles (Abyss:2)
15 creatures vanquished.

Grand Total: 276 creatures vanquished

Notes
Turn   | Place    | Note
-------+----------+-------------------------------------------
     0 | D:1      | lukutis69 the Minotaur Fighter began the quest for the Orb.
     0 | D:1      | Reached XP level 1. HP: 19/19 MP: 0/0
   146 | D:1      | Found a shattered altar of Ashenzari.
   154 | D:1      | Reached XP level 2. HP: 25/27 MP: 1/1
  1060 | D:2      | Reached XP level 3. HP: 32/33 MP: 2/2
  1497 | D:2      | Found an iron altar of Okawaru.
  1639 | D:2      | Reached XP level 4. HP: 40/41 MP: 3/3
  2412 | D:3      | Reached XP level 5. HP: 47/47 MP: 4/4
  2572 | D:3      | Gained mutation: You are partially covered in yellow
                  | scales. (AC +2) [potion of mutation]
  2572 | D:3      | Gained mutation: You have a pair of large horns on your
                  | head. [potion of mutation]
  2572 | D:3      | Gained mutation: Your spells are a little harder to cast,
                  | but a little more powerful. [potion of mutation]
  2572 | D:3      | Gained mutation: You are partially covered in rugged brown
                  | scales. (AC +1, +3% HP) [potion of mutation]
  2835 | D:3      | Found a faded altar of an unknown god.
  2996 | D:3      | Found a radiant altar of Vehumet.
  3167 | D:4      | Reached skill level 5 in Fighting
  3212 | D:4      | Reached skill level 5 in Armour
  3212 | D:4      | Reached skill level 5 in Shields
  3237 | D:4      | Reached XP level 6. HP: 57/57 MP: 5/5
  3356 | D:4      | Found a staircase to the Ecumenical Temple.
  3604 | D:5      | Entered Level 5 of the Dungeon
  3647 | D:5      | Reached skill level 5 in Axes
  3749 | D:5      | Found a white marble altar of Elyvilon.
  3755 | D:5      | Reached XP level 7. HP: 63/63 MP: 6/6
  3926 | D:5      | Noticed Pikel
  3944 | D:5      | Killed Pikel
  3944 | D:5      | Reached XP level 8. HP: 57/73 MP: 7/7
  4285 | D:5      | Found a runed translucent gate.
  4286 | D:5      | Found a runed translucent gate.
  4287 | D:5      | Found a runed translucent gate.
  4288 | D:5      | Noticed angryZebra's ghost (novice DrTm)
  4518 | D:5      | Killed angryZebra's ghost
  4596 | D:6      | Reached XP level 9. HP: 75/83 MP: 8/8
  4629 | D:6      | Found a blossoming altar of Fedhas.
  4679 | D:6      | Noticed Duvessa
  4686 | D:6      | Noticed Dowan
  4688 | D:6      | Killed Duvessa
  4717 | D:6      | Found a basalt altar of Yredelemnul.
  4720 | D:6      | Killed Dowan
  4808 | D:6      | Found an opulent altar of Gozag.
  4894 | D:6      | Found a hazy altar of Hepliaklqana.
  4965 | D:6      | Noticed Blork the orc
  4978 | D:6      | Killed Blork the orc
  5409 | D:7      | Noticed Harold
  5421 | D:7      | Killed Harold
  5518 | D:7      | Noticed Menkaure
  5522 | D:7      | Killed Menkaure
  5601 | D:7      | Found Noehad's Magic Scroll Emporium.
  5731 | D:7      | Noticed a +0 dagger
  5732 | D:7      | Noticed a +0 dagger
  5734 | D:7      | Found a hide-covered altar of Uskayaw.
  6191 | D:8      | Found Ycwod's Food Shoppe.
  6211 | D:8      | Noticed Joseph
  6230 | D:8      | Killed Joseph
  6330 | D:8      | Reached XP level 10. HP: 73/93 MP: 9/9
  7755 | D:9      | Reached skill level 10 in Fighting
  7755 | D:9      | Reached skill level 10 in Armour
  7755 | D:9      | Reached skill level 10 in Shields
  8056 | D:9      | Noticed a two-headed ogre
  8059 | D:9      | Found Gimaed's Antique Armour Emporium.
  8063 | D:9      | Killed a two-headed ogre
  8063 | D:9      | Reached skill level 10 in Axes
  8078 | D:9      | Bought a glowing scarf for 208 gold pieces
  8078 | D:9      | Bought a faintly glowing chain mail for 247 gold pieces
  8088 | D:9      | Identified the +11 chain mail of Somewhere Else {rPois
                  | Dex+3} (You bought it in a shop on level 9 of the Dungeon)
  8149 | D:9      | Found Lozo Edu's Weapon Emporium.
  8149 | D:9      | Noticed Psyche
  8155 | D:9      | Cast into level 2 of the Abyss (Psyche)
  8200 | Abyss:2  | Noticed a worldbinder
  8206 | Abyss:2  | Killed a worldbinder
  8290 | Abyss:2  | Noticed a tentacled starspawn
  8294 | Abyss:2  | Noticed a tentacled starspawn
  8310 | Abyss:2  | Killed a tentacled starspawn
  8310 | Abyss:2  | Reached XP level 11. HP: 60/105 MP: 2/10
  8312 | D:9      | Escaped the Abyss
  8313 | D:9      | Killed Psyche
  8514 | D:2      | Became a worshipper of Warmaster Okawaru
  8701 | D:9      | Found a sacrificial altar of Ru.
  8774 | D:9      | Reached skill level 1 in Invocations
  8975 | D:9      | Found Zaeblizu's Weapon Emporium.
  9023 | D:9      | Found Wyoc's Magic Scroll Shop.
  9474 | D:10     | Entered Level 10 of the Dungeon
  9598 | D:10     | Got a bloodstained falchion
  9670 | D:10     | Reached * piety under Okawaru
  9712 | D:10     | Found a staircase to the Lair.
  9766 | D:10     | Got an ancient cloak
  9976 | D:10     | Found a staircase to the Orcish Mines.
 10338 | D:10     | Identified the cursed +0 cloak "Zefeylir" {rF+ SInv} (You
                  | found it on level 10 of the Dungeon)
 10400 | Lair:1   | Entered Level 1 of the Lair of Beasts
 10481 | Lair:1   | Reached ** piety under Okawaru
 11771 | Lair:2   | Noticed an oklob plant
 11771 | Lair:2   | Noticed an oklob plant
 11804 | Lair:2   | Killed an oklob plant
 12356 | Lair:2   | Killed an oklob plant
 12356 | Lair:2   | Reached *** piety under Okawaru
 12636 | Lair:2   | Noticed Fannar
 12664 | Lair:2   | Killed Fannar
 12676 | Lair:2   | Reached XP level 12. HP: 69/113 MP: 14/14
 12858 | Lair:2   | Found a staircase to the Snake Pit.
 13373 | Lair:3   | Reached **** piety under Okawaru
 13515 | Lair:3   | Found a staircase to the Shoals.
 13666 | Lair:3   | Found a transporter.
 13669 | Lair:3   | Noticed Kiuzuanix's ghost (journeyman NaFE)
 13681 | Lair:3   | Noticed a death yak
 13702 | Lair:3   | Found a transporter.
 13865 | Lair:3   | Reached skill level 5 in Invocations
 14143 | Lair:3   | Noticed a five-headed hydra
 14468 | Lair:3   | Slain by a spiny frog

Levels and vault maps discovered:
D:1:      giann_horns, layout_basic, chequers_serial_rivers_micro_a,
          hangedman_decor_lopped, ashenzari_altar_1
D:2:      layout_loops_corners, first_ration, okawaru_trees_2
D:3:      layout_loops_ring, marbit_many_paths, chequers_ecumenical_altar_island
D:4:      layout_rooms, minmay_temple_entry_proselytizer
D:5:      layout_loops_ring, lemuel_round_altar, gammafunk_ghost_necromancy,
          uniq_pikel
D:6:      layout_rooms, grunt_gozag_statues, lemuel_crystal_altar,
          lemuel_round_altar, kennysheep_little_box,
          nicolae_overflow_hidden_temple, uniq_blork_the_orc, uniq_duvessa
D:7:      layout_loops_ring, dancing_weapons_uskayaw, serial_shops, shop,
          grunt_ogre_cave, uniq_menkaure, uniq_harold
D:8:      layout_layer_cave, serial_shops, shop, uniq_joseph
D:9:      layout_basic, nicolae_ru_sacrificial_ziggurat, serial_shops,
          nicolae_shop_overgrown_old_shop, shop_scrolls, kennysheep_mini_moat,
          shop, uniq_psyche
D:10:     layout_loops_ring, grunt_lair_entry_orc_guard_hut, orc_0_dummy
Lair:1:   layout_layer_cave
Lair:2:   layout_roguey, dummy_snake_entry, minmay_lair_oklob_chamber,
          uniq_fannar
Lair:3:   layout_gridlike, elwin_shoals_entry_rocks,
          gammafunk_ghost_berserking_beasts, forest_entry_grove

Skill      XL: |  1  2  3  4  5  6  7  8  9 10 11 12 |
---------------+-------------------------------------+-----
Fighting       | 4 5 6 7 9 11 | 11.9
Axes           | 3 4 5 6 7 9 10 12 | 12.4
Armour         | 4 5 6 7 9 11 12 | 12.0
Shields        | 4 5 6 7 9 11 | 11.9
Invocations    | 4 5 |  5.5

Action                   |  1- 3 |  4- 6 |  7- 9 | 10-12 || total
-------------------------+-------+-------+-------+-------++-------
Melee: War axe           |   106 |   125 |   181 |   506 ||   918
       Headbutt          |    10 |    19 |    45 |   138 ||   212
Evoke: Wand              |       |       |       |     4 ||     4
  Use: Scroll            |     5 |     7 |     4 |    10 ||    26
       Potion            |       |     8 |     2 |     4 ||    14
  Eat: Chunk             |     2 |     7 |     5 |    15 ||    29
       Ration            |       |       |     1 |     3 ||     4
Armor: Scale mail        |    59 |    52 |    69 |    84 ||   264
       Chain mail        |       |       |       |   235 ||   235
Dodge: Dodged            |    33 |    28 |    35 |   159 ||   255
Block: Shield            |    62 |    58 |    95 |   346 ||   561

Table legend:
 A = Non-vault XP
 B = Vault XP
 C = Vault XP percentage of total XP
 D = Non-vault monster count
 E = Vault monster count
 F = Vault count percentage of total count
                 A         B        C        D         E       F
            +---------+---------+-------+---------+---------+-------
      Total |   19571 |    7428 |  27.5 |     221 |      24 |   9.8
            +---------+---------+-------+---------+---------+-------
        D:1 |      24 |       0 |   0.0 |      13 |       0 |   0.0
        D:2 |      88 |       0 |   0.0 |      26 |       0 |   0.0
        D:3 |     137 |       2 |   1.4 |      25 |       1 |   3.8
        D:4 |     270 |      43 |  13.7 |      10 |       1 |   9.1
        D:5 |     574 |    1525 |  72.7 |      17 |       5 |  22.7
        D:6 |     401 |     319 |  44.3 |      17 |       3 |  15.0
        D:7 |     354 |    1235 |  77.7 |       7 |       3 |  30.0
        D:8 |    1371 |     475 |  25.7 |      21 |       1 |   4.5
        D:9 |    3412 |     434 |  11.3 |      30 |       1 |   3.2
       D:10 |    1961 |     502 |  20.4 |      16 |       4 |  20.0
     Lair:1 |    2584 |       0 |   0.0 |      11 |       0 |   0.0
     Lair:2 |    1450 |    2086 |  59.0 |       5 |       3 |  37.5
     Lair:3 |    3281 |     807 |  19.7 |      16 |       2 |  11.1
    Abyss:2 |    3664 |       0 |   0.0 |       7 |       0 |   0.0
            +---------+---------+-------+---------+---------+-------
